 Dungeon Sprint DCSS version 0.18.1-6-gd335043 (webtiles) character file.

1985 Groucho the Cleaver (level 9, -7/91 HPs)
             Began as a Minotaur Berserker on May 20, 2016.
             Was a High Priest of Trog.
             Mangled by an orc warrior
             ... wielding a +0 dire flail
              (16 damage)
             ... in the Dungeon (Sprint III: "The Ten Rune Challenge").
             The game lasted 00:04:55 (2292 turns).

Groucho the Cleaver (Minotaur Berserker)            Turns: 2292, Time: 00:04:55

Health: -7/91      AC:  4    Str: 26    XL:     9   Next: 1%
Magic:  8/8        EV: 16    Int:  4    God:    Trog [*****.]
Gold:   32         SH:  0    Dex:  9    Spells: 0 memorised, 8 levels left

rFire  . . .     SeeInvis .     r - +2 battleaxe (chop)
rCold  . . .     Gourm    .     b - +0 animal skin
rNeg   . . .     Faith    .     (shield currently unavailable)
rPois  .         Spirit   .     (helmet restricted)
rElec  .         Dismiss  .     d - +0 cloak
rCorr  .         Reflect  .     (no gloves)
SustAt .         Harm     .     (no boots)
MR     ++...     NoTele   +     (no amulet)
Stlth  +.........               (no ring)
                                (no ring)

@: regenerating, hasted, very quick, very resistant to hostile enchantments,
very unstealthy
A: retaliatory headbutt, horns 2
a: Berserk, Trog's Hand, Brothers in Arms, Burn Spellbooks, Renounce Religion


You were in the Dungeon.
You worshipped Trog.
Trog was extremely pleased with you.
You were hungry.

You visited 1 branch You collected 32 gold pieces.

Inventory:

Hand Weapons
 a - a +0 hand axe
 r - a +2 battleaxe of chopping (weapon)
Armour
 b - a +0 animal skin (worn)
 d - a +0 cloak (worn)
Scrolls
 i - a scroll of blinking
 l - 2 scrolls of holy word {unknown}
 m - 3 scrolls of identify
 n - a scroll of recharging {unknown}
 q - a scroll of magic mapping {unknown}
Potions
 e - a potion of agility {unknown}
 g - 2 potions of magic
 h - a potion of berserk rage
 j - a potion of might
 k - 3 potions of mutation {unknown}
 o - 4 potions of flight
 p - 2 potions of lignification {unknown}
 s - a potion of cure mutation {unknown}
Comestibles
 c - 2 bread rations
 t - a royal jelly


   Skills:
 * Level 12.4 Fighting
 * Level 12.4 Axes
 * Level 12.2 Armour
 * Level 11.1 Dodging


You had 8 spell levels left.
You didn't know any spells.

Dungeon Overview and Level Annotations

Branches:
Dungeon (1/1)

Altars:
Cheibriados
Elyvilon
Fedhas
Kikubaaqudgha
Okawaru
Sif Muna
Trog
Vehumet
Yredelemnul
Zin
The Shining One

Shops:
D =


Innate Abilities, Weirdness & Mutations

You reflexively headbutt those who attack you in melee.
You have a pair of horns on your head.


Message History

The orc wizard blinks!
You closely miss the orc warrior. The orc warrior misses you.
You furiously retaliate!
You headbutt the orc warrior, but do no damage.
The orc warrior hits you from afar with a halberd.
An orc sorcerer comes into view. It is wielding a dagger.
Unknown command.
The orc sorcerer shouts!
You slash the orc warrior! You headbutt the orc warrior.
The orc warrior is severely wounded.
The orc warrior hits you with a dire flail!!
* * * LOW HITPOINT WARNING * * *
The orc warrior hits you from afar with a halberd.
* * * LOW HITPOINT WARNING * * *
Drink which item? (? for menu, Esc to quit)
You feel yourself speed up.
The orc high priest utters an invocation to Beogh.
The orc sorcerer moves out of view.
The orc warrior hits you with a dire flail!
You die...

▓▓▓ ♣.############
####
♣.#___#__[#__##$$4##
♣.#...#...#)_#$$..o
♣.###)#)###'##oooo
♣♣♣.#..........#o{o
♣.♣.'.⌠........#oo
≈.♣.#...######'#o#
....#.⌠.#
#...#@#######
....#...#
#...#.§§§≈+.#
....#)###
#...#.#§§≈#.#
....#.).#
#...'.#§§§#.#
....#___#
+...#.#§.§#.E
▓▓▓▓▓▓▓▓▓
▓▓▓▓▓▓▓▓▓▓▓▓▓▓


You could see an orc high priest, an ice devil, 4 orc warriors, an orc wizard
and 4 orcs.

Vanquished Creatures
  Erica (D)
  A deep elf mage (D)
  A shadow (D)
  A necrophage (D)
  2 orc warriors (D)
  A water elemental (D)
  A wizard (D)
  Crazy Yiuf (D)
  A jelly (D)
  Jessica (D)
  A necromancer (D)
  A kobold demonologist (D)
  3 humans (D)
  3 rats (D)
19 creatures vanquished.

Vanquished Creatures (others)
  2 draconian scorchers (D)
  A yaktaur (D)
3 creatures vanquished.

Grand Total: 22 creatures vanquished

Notes
Turn   | Place    | Note
--------------------------------------------------------------
     0 | D        | Groucho the Minotaur Berserker began the quest for the Orb.
     0 | D        | Reached XP level 1. HP: 19/19 MP: 0/0
    16 | D        | Noticed Jessica
    20 | D        | Killed Jessica
    20 | D        | Reached ** piety under Trog
    20 | D        | Reached skill level 5 in Fighting
    20 | D        | Reached skill level 5 in Axes
    20 | D        | Reached XP level 2. HP: 26/29 MP: 1/1
    66 | D        | Noticed Crazy Yiuf
    74 | D        | Killed Crazy Yiuf
    74 | D        | Reached *** piety under Trog
    74 | D        | Reached skill level 5 in Armour
    74 | D        | Reached XP level 3. HP: 14/37 MP: 0/2
    90 | D        | Killed a yaktaur
   176 | D        | Killed a white draconian scorcher
   258 | D        | Killed a white draconian scorcher
   284 | D        | Reached XP level 4. HP: 39/44 MP: 3/3
   412 | D        | Noticed a water elemental
   416 | D        | Killed a water elemental
   416 | D        | Reached skill level 5 in Dodging
   609 | D        | Found a radiant altar of Vehumet.
   609 | D        | Found a deep blue altar of Sif Muna.
   609 | D        | Found an ancient bone altar of Kikubaaqudgha.
   609 | D        | Noticed a wizard
   611 | D        | Killed a wizard
   611 | D        | Reached XP level 5. HP: 52/52 MP: 4/4
   615 | D        | Noticed an ice devil
   619 | D        | Reached **** piety under Trog
   631 | D        | Reached ***** piety under Trog
   777 | D        | Found a glowing silver altar of Zin.
   777 | D        | Found a glowing golden altar of the Shining One.
   777 | D        | Found a white marble altar of Elyvilon.
   778 | D        | Noticed a deep elf mage
   788 | D        | Killed a deep elf mage
   788 | D        | Received a gift from Trog
   788 | D        | Reached skill level 10 in Fighting
   788 | D        | Reached skill level 10 in Axes
   788 | D        | Reached XP level 6. HP: 66/66 MP: 5/5
   788 | D        | Reached XP level 7. HP: 72/72 MP: 6/6
   806 | D        | Found an iron altar of Okawaru.
   806 | D        | Found a bloodstained altar of Trog.
   806 | D        | Noticed a human
   807 | D        | Noticed a human
   809 | D        | Killed a human
   809 | D        | Reached skill level 10 in Armour
   815 | D        | Killed a human
  1190 | D        | Found a basalt altar of Yredelemnul.
  1190 | D        | Found a snail-covered altar of Cheibriados.
  1190 | D        | Found a blossoming altar of Fedhas.
  1395 | D        | Noticed a shadow
  1398 | D        | Reached XP level 8. HP: 65/82 MP: 7/7
  1400 | D        | Reached skill level 10 in Dodging
  1633 | D        | Noticed Erica
  1643 | D        | Killed Erica
  2280 | D        | Found Ymocu's Jewellery Boutique.
  2283 | D        | Noticed an orc high priest
  2289 | D        | Reached XP level 9. HP: 42/91 MP: 8/8
  2291 | D        | Noticed an orc sorcerer
  2292 | D        | Mangled by an orc warrior

Skill      XL: |  1  2  3  4  5  6  7  8 |
---------------+-------------------------+-----
Fighting       | 5 6 7 10 11 12 | 12.4
Axes           | 5 7 10 11 12 | 12.4
Armour         | 4 5 6 9 10 12 | 12.2
Dodging        | 3 4 6 8 9 11 | 11.1

Action                   |  1- 3 |  4- 6 |  7- 9 || total
-------------------------+-------+-------+-------++-------
Melee: Hand axe          |    22 |    17 |       ||    39
       Headbutt          |     7 |     2 |     8 ||    17
       Battleaxe         |       |       |    34 ||    34
Invok: Berserk           |       |     3 |       ||     3
       Burn Spellbooks   |       |     1 |       ||     1
       Trog's Hand       |       |       |     1 ||     1
  Use: Potion            |     2 |       |     1 ||     3
  Eat: Fruit             |       |     2 |     6 ||     8
Armor: Animal skin       |     1 |       |     2 ||     3
Dodge: Dodged            |    11 |     5 |    22 ||    38
